 Dungeon Crawl Stone Soup version 0.22-a0-136-g83a10e5 (webtiles) character file.

23 varam the Twirler (level 3, 21/21 HPs)
             Began as a Gargoyle Gladiator on Feb 2, 2018.
             Quit the game on level 1 of the Dungeon.
             The game lasted 00:00:54 (394 turns).

varam the Twirler (Gargoyle Gladiator)               Turns: 394, Time: 00:00:55

Health: 21/21      AC:  7    Str: 17    XL:     3   Next: 0%
Magic:  3/3        EV: 12    Int:  8    God:
Gold:   36         SH:  0    Dex: 12    Spells: 2/2 levels left

rFire    . . .     SeeInvis .   a - +0 quarterstaff
rCold    . . .     Gourm    .   (shield currently unavailable)
rNeg     + . .     Faith    .   b - +0 leather armour
rPois    ∞         Spirit   .   c - +0 helmet
rElec    +         Reflect  .   (no cloak)
rCorr    .         Harm     .   (no gloves)
MR       .....                  (no boots)
Stlth    +.........             (no amulet)
HPRegen  0.07/turn              (no ring)
MPRegen  0.08/turn              (no ring)

@: no status effects
A: negative energy resistance 1, electricity resistance, unbreathing,
petrification resistance, rot immunity, AC +3
a: no special abilities


You were on level 1 of the Dungeon.
You were not hungry.

You visited 1 branch of the dungeon, and saw 1 of its levels.

You collected 36 gold pieces.

Inventory:

Hand Weapons
 a - a +0 quarterstaff (weapon)
Missiles
 d - 3 throwing nets (quivered)
Armour
 b - a +0 leather armour (worn)
 c - a +0 helmet (worn)
Scrolls
 e - a scroll of immolation {unknown}
 g - a scroll of identify {unknown}
 j - a scroll of remove curse {unknown}
Potions
 h - a potion of curing {unknown}
 i - a potion of cancellation {unknown}
Comestibles
 f - a ration
 k - 4 chunks of flesh


   Skills:
 - Level 2.1 Fighting
 * Level 3.7 Staves
 - Level 1.7 Throwing
 + Level 2.7 Dodging


You had 2 spell levels left.
You didn't know any spells.

Dungeon Overview and Level Annotations

Branches:
Dungeon (1/15)

Altars:


Innate Abilities, Weirdness & Mutations

You are resistant to torment.
Your stone body is resilient. (AC +3)
You are immune to poison.
You resist negative energy. (rN+)
You are resistant to electric shocks. (rElec)
You can survive without breathing.
You are immune to petrification.
You are immune to rotting.


Message History

You completely miss the hobgoblin.
The hobgoblin is almost dead.
The hobgoblin closely misses you.
You hit the hobgoblin.
You kill the hobgoblin!
You closely miss the goblin. The goblin barely misses you.
The goblin misses you.
You hit the goblin.
The goblin is moderately wounded.
The goblin misses you.
You sock the goblin!
You kill the goblin!
You have reached level 3!
Your experience leads to an increase in your attributes!
Increase (S)trength, (I)ntelligence, or (D)exterity?
Uppercase letters only, please.
You feel agile.
Are you sure you want to abandon this character and quit the game? (Confirm with "yes".)
Okay, then.
Are you sure you want to abandon this character and quit the game? (Confirm with "yes".)

#########
#........
#.#######
###.############.#
......†@...##....#
###.######.##.####
#####
#.##.######....
#...........###
#..########## #..#
#..#######
#[.......#
#..#####.#


There were no monsters in sight!

Vanquished Creatures
  A gnoll (D:1)
  A leopard gecko (D:1)
  4 bats (D:1)
  2 goblins (D:1)
  3 hobgoblins (D:1)
11 creatures vanquished.

Notes
Turn   | Place    | Note
-------+----------+-------------------------------------------
     0 | D:1      | varam the Gargoyle Gladiator began the quest for the Orb.
     0 | D:1      | Reached XP level 1. HP: 12/12 MP: 1/1
    87 | D:1      | Reached XP level 2. HP: 13/17 MP: 2/2
   393 | D:1      | Reached XP level 3. HP: 21/21 MP: 3/3
   394 | D:1      | Quit the game

Vault maps used:
D:1:      dpeg_arrival_more_subterranean_lakeside_camping

Action                   || total
-------------------------++-------
Melee: Quarterstaff      ||    37
Armor: Leather armour    ||     8
Dodge: Dodged            ||    33

Table legend:
 A = Spawn XP
 B = Non-spawn XP
 C = Spawn XP percentage of total XP
 D = Spawn monster count
 E = Non-spawn monster count
 F = Spawn count percentage of total count
 G = Total turns spent on level
                    A         B        C        D         E        F      G
               +---------+---------+-------+---------+---------+-------+---------
         Total |       0 |      34 |   0.0 |       0 |      11 |   0.0 |   394
               +---------+---------+-------+---------+---------+-------+---------
           D:1 |       0 |      34 |   0.0 |       0 |      11 |   0.0 |   394
               +---------+---------+-------+---------+---------+-------+---------
